 Dungeon Crawl Stone Soup version 0.24-a0-309-g1095bcad4c (webtiles) character file.

Game seed: 11011863943763193275

3813 HAL9000 the Covert (level 10, 0/46 HPs)
             Began as a Vine Stalker Assassin on May 14, 2019.
             Slain by a two-headed ogre
             ... wielding a +0 giant club
              (15 damage)
             ... on level 9 of the Dungeon.
             The game lasted 00:20:48 (6428 turns).

HAL9000 the Covert (Vine Stalker Assassin)          Turns: 6428, Time: 00:20:49

Health: 0/46       AC:  8    Str: 14    XL:     10   Next: 17%
Magic:  0/20       EV: 11    Int: 12    God:
Gold:   401        SH:  0    Dex: 18    Spells: 9/9 levels left

rFire    . . .     SeeInvis .   J - +2 dagger (venom)
rCold    . . .     Gourm    .   (no shield)
rNeg     . . .     Faith    .   x - +0 troll leather armour {Purgy}
rPois    +         Spirit   +   (no helmet)
rElec    .         Reflect  .   c - +0 cloak
rCorr    .         Harm     .   I - +2 pair of gloves
MR       +....                  (no boots)
Stlth    +++++.....             y - amulet of regeneration
HPRegen  1.35/turn              t - ring of poison resistance
MPRegen  0.17/turn              O - ring of magical power

@: no status effects
A: fangs 3, regeneration 1, magic shield, antimagic bite, no potion heal 3, rot
immunity
a: no special abilities


You were on level 9 of the Dungeon.
You were not hungry.

You visited 2 branches of the dungeon, and saw 10 of its levels.

You collected 401 gold pieces.

Inventory:

Hand Weapons
 a - a +2 dagger
 J - a +2 dagger of venom (weapon)
Missiles
 d - 57 poisoned darts
 k - 6 javelins (quivered)
 l - 8 atropa-tipped darts
 p - 21 boomerangs
Armour
 c - a +0 cloak (worn)
 x - a +0 troll leather armour (worn) {Purgy}
 I - a +2 pair of gloves (worn)
Jewellery
 m - an uncursed ring of wizardry
 t - a ring of poison resistance (left hand)
 y - an amulet of regeneration (around neck)
 K - an uncursed amulet of the gourmand
 O - a ring of magical power (right hand)
Wands
 e - a wand of digging (6)
 F - a wand of paralysis (7)
Scrolls
 h - 2 scrolls of immolation
 j - 2 scrolls of fog
 o - 5 scrolls of teleportation
 u - 2 scrolls of amnesia {unknown}
 w - 3 scrolls of remove curse
 C - a scroll of fear {unknown}
 D - a scroll of enchant weapon {unknown}
 H - a scroll of vulnerability {unknown}
 M - a scroll of silence {unknown}
Potions
 g - a potion of ambrosia
 i - 5 potions of curing
 n - a potion of brilliance
 q - a potion of haste
 s - a potion of might
 v - a potion of flight
 z - a potion of resistance
 A - 3 potions of lignification {unknown}
 B - a potion of agility
 E - a potion of mutation
 G - a potion of heal wounds {unknown}
Miscellaneous
 N - a lightning rod (4/4)
Comestibles
 f - 17 rations


   Skills:
 - Level 1.7 Fighting
 - Level 10.0 Short Blades
 * Level 4.0 Throwing
 - Level 0.7 Dodging
 + Level 11.9 Stealth


You had 9 spell levels left.
You didn't know any spells.
Your spell library contained the following spells:

 Spells                   Type           Power        Failure   Level  Hunger
 Animate Skeleton         Necr           N/A          38%         1    ##.....
 Apportation              Tloc           #.....       38%         1    ##.....
 Confusing Touch          Hex            #.....       38%         1    ##.....
 Magic Dart               Conj           #...         38%         1    ##.....
 Summon Small Mammal      Summ           #...         38%         1    ##.....
 Searing Ray              Conj           #.....       54%         2    ###....
 Dazzling Spray           Conj/Hex       #.....       77%         3    ####...
 Force Lance              Conj/Tloc      #.......     99%         4    #####..
 Fulminant Prism          Conj/Hex       #.........   99%         4    #####..
 Iskenderun's Mystic Bla  Conj           #.......     99%         4    #####..


Dungeon Overview and Level Annotations

Branches:
Dungeon (9/15)             Temple (1/1) D:7
   Lair: D:8-11         Orc: D:9-12

Altars:
Ashenzari
Cheibriados
Dithmenos
Elyvilon
Gozag
Hepliaklqana
Kikubaaqudgha
Makhleb
Nemelex Xobeh
Okawaru
Qazlal
Ru
Sif Muna
Trog
Uskayaw
Vehumet
Wu Jian
Xom
Yredelemnul
The Shining One

Shops:
D:8 !

Annotations:
D:7 1 runed translucent door, P0WERM0DE's ghost, novice VSFi


Innate Abilities, Weirdness & Mutations

You have razor-sharp teeth.
Your natural rate of healing is unusually fast.
When hurt, damage is shared between your health and your magic reserves.
Your bite disrupts and absorbs the magic of your enemies.
Potions cannot restore your health.
You are immune to rotting.


Message History

You hit the two-headed ogre. Your bite misses the two-headed ogre.
The two-headed ogre is severely wounded.
You hit the two-headed ogre but do no damage.
The two-headed ogre looks as sick as possible!
Your bite misses the two-headed ogre.
The two-headed ogre is severely wounded.
The two-headed ogre hits you with a +0 giant club!
The two-headed ogre closely misses you.
You barely miss the two-headed ogre.
The two-headed ogre is severely wounded.
An ice beast comes into view.
You hit the two-headed ogre. You bite the two-headed ogre. You drain its power.
You feel invigorated.
The two-headed ogre is almost dead.
You hit the two-headed ogre.
The two-headed ogre looks as sick as possible!
The two-headed ogre is almost dead.
The two-headed ogre hits you with a +0 giant club!!
The two-headed ogre hits you with a +0 giant spiked club!!
You die...

.......... #.........
..( ### #......# ...
##.###.....# ...(
##.........# .....
##.........## #.....
##...........## #......
#.............###O....!.
...............#@......Y
........................
........................
......................%.
....#...................
...###..................
..## ##..##8..8##...###.
.## ##.##...._ ...# ..##
#..###..## ...#


You could see a two-headed ogre and an ice beast.

Vanquished Creatures
  A hippogriff (D:9)
  Sigmund (D:5)
  A spriggan (D:8)
  Menkaure (D:4)
  An orc warrior (D:7)
  Purgy (D:4)
  3 ice beasts
  2 black bears
  A phantom (D:6)
  5 centaurs
  Blork the orc (D:6)
  3 bullfrogs
  2 scorpions
  17 killer bees
  A centaur zombie (D:5)
  5 orc priests
  2 centaur skeletons
  2 jellies
  Crazy Yiuf (D:6)
  2 hounds (D:5)
  8 orc wizards
  A bullfrog skeleton (D:6)
  An iguana (D:8)
  A hound skeleton (D:7)
  7 gnolls
  A howler monkey skeleton (D:5)
  12 adders
  6 shadow imps
  An ooze (D:1)
  2 worms
  4 dart slugs
  6 leopard geckos
  26 orcs
  3 ball pythons
  5 giant cockroaches
  9 goblins
  5 hobgoblins
  12 jackals
  6 kobolds
  4 quokkas
  5 bats
  6 frilled lizards
  A jackal zombie (D:5)
  9 rats
194 creatures vanquished.

Notes
Turn   | Place    | Note
-------+----------+-------------------------------------------
     0 | D:1      | HAL9000 the Vine Stalker Assassin began the quest for the
                  | Orb.
     0 | D:1      | Reached XP level 1. HP: 11/11 MP: 2/2
    65 | D:1      | Reached XP level 2. HP: 5/15 MP: 3/3
   379 | D:1      | Reached XP level 3. HP: 17/18 MP: 4/4
  1160 | D:2      | Gained mutation: Your natural rate of healing is unusually
                  | fast. [Vine Stalker growth]
  1160 | D:2      | Reached XP level 4. HP: 21/23 MP: 5/5
  1665 | D:2      | Reached XP level 5. HP: 26/26 MP: 6/6
  2356 | D:3      | Reached skill level 5 in Short Blades
  2912 | D:4      | Reached XP level 6. HP: 22/30 MP: 5/7
  3096 | D:4      | Noticed Menkaure
  3159 | D:4      | Noticed Purgy
  3175 | D:4      | Killed Purgy
  3244 | D:4      | Found a sacrificial altar of Ru.
  3244 | D:4      | Found an iron altar of Okawaru.
  3336 | D:4      | Killed Menkaure
  3336 | D:4      | Reached XP level 7. HP: 34/34 MP: 8/8
  3371 | D:5      | Entered Level 5 of the Dungeon
  3393 | D:5      | Found a deep blue altar of Sif Muna.
  3738 | D:5      | Noticed Sigmund
  3747 | D:5      | Killed Sigmund
  3747 | D:5      | Gained mutation: You have razor-sharp teeth. [Vine Stalker
                  | growth]
  3747 | D:5      | Reached XP level 8. HP: 34/38 MP: 6/9
  3831 | D:6      | Noticed Blork the orc
  3890 | D:6      | Killed Blork the orc
  3929 | D:6      | Found a deep blue altar of Sif Muna.
  4316 | D:6      | Reached skill level 10 in Short Blades
  4503 | D:6      | Found a runed translucent door.
  4504 | D:6      | Noticed Crazy Yiuf
  4626 | D:6      | Killed Crazy Yiuf
  4626 | D:6      | Reached skill level 5 in Stealth
  4928 | D:7      | Reached skill level 6 in Stealth
  4928 | D:7      | Reached XP level 9. HP: 37/42 MP: 7/10
  4940 | D:7      | Reached skill level 7 in Stealth
  5066 | D:7      | Reached skill level 8 in Stealth
  5160 | D:7      | Found a staircase to the Ecumenical Temple.
  5172 | Temple   | Entered the Ecumenical Temple
  5372 | D:7      | Found a runed translucent door.
  5375 | D:7      | Noticed P0WERM0DE's ghost (novice VSFi)
  5400 | D:7      | Found a sparkling altar of Nemelex Xobeh.
  5544 | D:8      | Found Mienats's Distillery.
  5552 | D:8      | Reached skill level 9 in Stealth
  5723 | D:8      | Reached skill level 10 in Stealth
  6034 | D:8      | Found a hazy altar of Hepliaklqana.
  6046 | D:8      | Reached skill level 11 in Stealth
  6073 | D:8      | Reached XP level 10. HP: 29/46 MP: 5/11
  6411 | D:9      | Found a shadowy altar of Dithmenos.
  6415 | D:9      | Noticed a two-headed ogre
  6428 | D:9      | Slain by a two-headed ogre

Levels and vault maps discovered:
D:1:      dpeg_arrival_simpleton_c, layout_basic
D:2:      layout_rooms, hangedman_abyss_or_decor_stabs
D:3:      layout_basic
D:4:      layout_rooms, gammafunk_temple_overflow_statue, grunt_ministairs_15,
          uniq_purgy, uniq_menkaure
D:5:      layout_cave_pools, overflow_temple_1_default, first_ration,
          uniq_sigmund
D:6:      layout_rooms, led_sif_book, uniq_crazy_yiuf_cottage,
          uniq_blork_the_orc
D:7:      layout_basic, kennysheep_little_box, minmay_temple_entry_ruins,
          gammafunk_ghost_grave
D:8:      layout_rooms, basic_altar, serial_shops, shop, the_bakery
D:9:      layout_big_octagon, minitemple, serial_gnoll_camp,
          gnoll_camp_mini_hut, gnoll_camp_mini_basic, gnoll_camp_mini_hut,
          gnoll_camp_mini_shop
Temple:   regret_index_temple_waves

Skill      XL: |  1  2  3  4  5  6  7  8  9 10 |
---------------+-------------------------------+-----
Short Blades   | 2 3 4 5 6 8 10 | 10.0
Stealth        | 6 11 | 11.9
Throwing       | 3 4 |  4.0
Fighting       | |  1.7
Dodging        | |  0.7

Action                   |  1- 3 |  4- 6 |  7- 9 | 10-12 || total
-------------------------+-------+-------+-------+-------++-------
Melee: Dagger            |    87 |   187 |   416 |    59 ||   749
       Bite              |    18 |    48 |   138 |    20 ||   224
Throw: Dart              |     7 |     9 |     7 |       ||    23
       Javelin           |       |     9 |    10 |     4 ||    23
       Boomerang         |       |       |    19 |       ||    19
  Use: Scroll            |       |     7 |     5 |     3 ||    15
 Stab: Sleeping          |     8 |     8 |    12 |       ||    28
       Distracted        |       |     1 |     2 |       ||     3
  Eat: Chunk             |     1 |     7 |     9 |     1 ||    18
Armor: Robe              |     9 |     5 |       |       ||    14
       Leather armour    |       |    40 |       |       ||    40
       Troll leather arm |       |       |    78 |    12 ||    90
Dodge: Dodged            |    42 |    87 |   138 |    26 ||   293

Table legend:
 A = Non-vault XP
 B = Vault XP
 C = Vault XP percentage of total XP
 D = Non-vault monster count
 E = Vault monster count
 F = Vault count percentage of total count
                 A         B        C        D         E       F
            +---------+---------+-------+---------+---------+-------
      Total |    4594 |     854 |  15.7 |     188 |       6 |   3.1
            +---------+---------+-------+---------+---------+-------
        D:1 |      64 |       0 |   0.0 |      26 |       0 |   0.0
        D:2 |     106 |       0 |   0.0 |      22 |       0 |   0.0
        D:3 |      90 |       0 |   0.0 |      24 |       0 |   0.0
        D:4 |     118 |     285 |  70.7 |      15 |       2 |  11.8
        D:5 |     324 |     227 |  41.2 |      10 |       1 |   9.1
        D:6 |     886 |     131 |  12.9 |      30 |       2 |   6.2
        D:7 |     982 |       0 |   0.0 |      27 |       0 |   0.0
        D:8 |    1454 |     211 |  12.7 |      27 |       1 |   3.6
        D:9 |     570 |       0 |   0.0 |       7 |       0 |   0.0
            +---------+---------+-------+---------+---------+-------
